APL (24 & UNDER)
PENSACOLA PILOTS @ SCOTTSDALE SCORPIONS
06/07/2030
 
TOP OF THE 1ST
Pensacola Pilots batting - Pitching for Scottsdale Scorpions : RHP José Estrada
Pitching: RHP José Estrada
Batting: RHB Tony Pulla 0-0: Called Strike
0-1: Fly out, F9 (Line Drive, 9LD)
Batting: RHB Felipe Hernández 0-0: Ball
1-0: Ball
2-0: Foul Ball, location: 2F
2-1: Foul Ball, location: 2F
2-2: Ball
3-2: Foul Ball, location: 2F
3-2: Foul Ball, location: 2F
3-2: Foul Ball, location: 2F
3-2: Strikes out looking
Batting: RHB Albert Morán 0-0: Ball
1-0: Called Strike
1-1: Ball
2-1: Fly out, F8 (Flyball, 89M)
Top of the 1st over - 0 runs, 0 hits, 0 errors, 0 left on base; Pensacola 0 - Scottsdale 0
BOTTOM OF THE 1ST
Scottsdale Scorpions batting - Pitching for Pensacola Pilots : RHP David Hood
Pitching: RHP David Hood
Batting: RHB Miguel Ramos 0-0: Called Strike
0-1: Ball
1-1: Ball
2-1: SINGLE (Groundball, 6MD)
Batting: RHB José Martínez 0-0: SINGLE (Groundball, 34D)
Miguel Ramos to second
Runner from 2nd tries for 3rd, SAFE, throw made to third
Batting: LHB Shawn Brown 0-0: Ball
1-0: Ball
José Martínez steals 2nd base
2-0: Ball
3-0: Called Strike
3-1: Base on Balls
Batting: LHB Tony Ayala 0-0: Ball
1-0: Called Strike
1-1: Grounds into fielders choice 1-2 (Groundball, P)
José Martínez to third
Shawn Brown to second
Batting: RHB Steve Boyer 0-0: Ball
1-0: Ball
2-0: Called Strike
2-1: Foul Ball, location: 2F
2-2: Ball
3-2: Fly out, F7 (Flyball, 7LS)
Runner from 3rd tags up, SCORES, throw made
Batting: RHB Phil Rowlett 0-0: Ground out 6-3 (Groundball, 6S)
Bottom of the 1st over - 1 run, 2 hits, 0 errors, 2 left on base; Pensacola 0 - Scottsdale 1
TOP OF THE 2ND
Pensacola Pilots batting - Pitching for Scottsdale Scorpions : RHP José Estrada
Batting: RHB Lawrence Davidson 0-0: Ball
1-0: Swinging Strike
1-1: Ball
2-1: Called Strike
2-2: Ball
3-2: Strikes out looking
Batting: RHB John Hall 0-0: Foul Ball, location: 2F
0-1: Ball
1-1: Fly out, F3 (Popup, 3SF)
Batting: SHB Carlos González 0-0: Called Strike
0-1: Fly out, F3 (Line Drive, 34)
Top of the 2nd over - 0 runs, 0 hits, 0 errors, 0 left on base; Pensacola 0 - Scottsdale 1
BOTTOM OF THE 2ND
Scottsdale Scorpions batting - Pitching for Pensacola Pilots : RHP David Hood
Batting: LHB Ernesto Hernández 0-0: Ground out 4-3 (Groundball, 34D)
Batting: RHB Robinson Fernández 0-0: Ball
1-0: SINGLE (Line Drive, 7S)
Batting: RHB Carlos Rosales 0-0: Ball
1-0: Ball
2-0: Fly out, F8 (Flyball, 8LD)
Batting: RHB Miguel Ramos 0-0: Called Strike
Robinson Fernández is caught stealing 2nd base
Bottom of the 2nd over - 0 runs, 1 hit, 0 errors, 0 left on base; Pensacola 0 - Scottsdale 1
TOP OF THE 3RD
Pensacola Pilots batting - Pitching for Scottsdale Scorpions : RHP José Estrada
Batting: RHB Octávio Aldeguer 0-0: Ball
1-0: Ball
2-0: Ball
3-0: Called Strike
3-1: Foul Ball, location: 2F
3-2: Base on Balls
Batting: RHB Javier Senteno 0-0: Grounds into double play, 6-4-3 (Groundball, 6MD)
Batting: RHB Timothy Foster 0-0: Called Strike
0-1: Called Strike
0-2: Fly out, F7 (Flyball, 7D)
Top of the 3rd over - 0 runs, 0 hits, 0 errors, 0 left on base; Pensacola 0 - Scottsdale 1
BOTTOM OF THE 3RD
Scottsdale Scorpions batting - Pitching for Pensacola Pilots : RHP David Hood
Batting: RHB Miguel Ramos 0-0: Ground out 4-3 (Groundball, 4)
Batting: RHB José Martínez 0-0: Ball
1-0: Foul Ball, location: 2F
1-1: Foul Ball, location: 2F
1-2: Foul Ball, location: 2F
1-2: Ball
2-2: Foul Ball, location: 2F
2-2: Ground out 5-3 (Groundball, 56S)
Batting: LHB Shawn Brown 0-0: Ball
1-0: Ball
2-0: Ball
3-0: Called Strike
3-1: Foul Ball, location: 2F
3-2: Foul Ball, location: 2F
3-2: Base on Balls
Batting: LHB Tony Ayala 0-0: Called Strike
Shawn Brown steals 2nd base
0-1: Foul Ball, location: 2F
0-2: DOUBLE (Line Drive, 8LXD)
Shawn Brown scores
Batting: RHB Steve Boyer 0-0: Called Strike
0-1: Ball
1-1: Foul Ball, location: 2F
1-2: Foul Ball, location: 2F
1-2: Strikes out swinging
Bottom of the 3rd over - 1 run, 1 hit, 0 errors, 1 left on base; Pensacola 0 - Scottsdale 2
TOP OF THE 4TH
Pensacola Pilots batting - Pitching for Scottsdale Scorpions : RHP José Estrada
Batting: RHB Tony Pulla 0-0: Fly out, F6 (Popup, 56)
Batting: RHB Felipe Hernández 0-0: Swinging Strike
0-1: Ball
1-1: Called Strike
1-2: Ball
2-2: Strikes out looking
Batting: RHB Albert Morán 0-0: Foul Ball, location: 2F
0-1: Ball
1-1: Called Strike
1-2: Strikes out swinging
Top of the 4th over - 0 runs, 0 hits, 0 errors, 0 left on base; Pensacola 0 - Scottsdale 2
BOTTOM OF THE 4TH
Scottsdale Scorpions batting - Pitching for Pensacola Pilots : RHP David Hood
Batting: RHB Phil Rowlett 0-0: Called Strike
0-1: Foul Ball, location: 2F
0-2: Foul Ball, location: 2F
0-2: DOUBLE (Flyball, 78D)
Batting: LHB Ernesto Hernández 0-0: Ball
1-0: Ball
2-0: Ball
3-0: Called Strike
3-1: Foul Ball, location: 2F
3-2: Foul Ball, location: 2F
3-2: Foul Ball, location: 2F
3-2: Base on Balls
Batting: RHB Robinson Fernández 0-0: Ball
1-0: Ball
2-0: Foul Ball, location: 2F
2-1: Foul Ball, location: 2F
2-2: Strikes out swinging
Batting: RHB Carlos Rosales 0-0: Called Strike
0-1: Ball
1-1: Ground out 5-3 (Groundball, 56S)
Phil Rowlett to third
Ernesto Hernández to second
Batting: RHB Miguel Ramos 0-0: Swinging Strike
0-1: Ground out 5-3 (Groundball, 5)
Bottom of the 4th over - 0 runs, 1 hit, 0 errors, 2 left on base; Pensacola 0 - Scottsdale 2
TOP OF THE 5TH
Pensacola Pilots batting - Pitching for Scottsdale Scorpions : RHP José Estrada
Batting: RHB Lawrence Davidson 0-0: Ball
1-0: Foul Ball, location: 2F
1-1: Foul Ball, location: 2F
1-2: Ball
2-2: Foul Ball, location: 2F
2-2: Ball
3-2: SINGLE (Groundball, 56D)
Batting: RHB John Hall 0-0: Ball
1-0: Ball
2-0: Foul Ball, location: 2F
2-1: Foul Ball, location: 2F
2-2: Ball
3-2: DOUBLE (Flyball, 78XD)
Lawrence Davidson to third
Batting: SHB Carlos González 0-0: Called Strike
0-1: Swinging Strike
0-2: Ground out 4-3 (Groundball, 4MD)
Batting: RHB Octávio Aldeguer 0-0: Ball
1-0: Called Strike
1-1: Swinging Strike
1-2: Ball
2-2: Foul Ball, location: 2F
2-2: Ball
3-2: Base on Balls
Batting: RHB Javier Senteno 0-0: Ball
1-0: SINGLE (Line Drive, 56)
Lawrence Davidson scores
John Hall to third
Octávio Aldeguer to second
Runner from 3rd tries for Home, SAFE, no throw
Batting: RHB Timothy Foster 0-0: Foul Ball, location: 2F
0-1: DOUBLE (Line Drive, 7)
Octávio Aldeguer scores
Javier Senteno to third
Batting: RHB Tony Pulla 0-0: Intentional Walk
Batting: RHB Felipe Hernández 0-0: Ball
1-0: Foul Ball, location: 2F
1-1: Ball
2-1: Ball
3-1: Grounds into double play, 6-2-3 (Groundball, 56)
Top of the 5th over - 3 runs, 4 hits, 0 errors, 2 left on base; Pensacola 3 - Scottsdale 2
BOTTOM OF THE 5TH
Scottsdale Scorpions batting - Pitching for Pensacola Pilots : RHP David Hood
Batting: RHB José Martínez 0-0: Ball
1-0: Fly out, F7 (Flyball, 78M)
Batting: LHB Shawn Brown 0-0: Ball
1-0: Foul Ball, location: 2F
1-1: Ground out 4-3 (Groundball, 4)
Batting: LHB Tony Ayala 0-0: Ball
1-0: Ground out 5-3 (Groundball, 56)
Bottom of the 5th over - 0 runs, 0 hits, 0 errors, 0 left on base; Pensacola 3 - Scottsdale 2
TOP OF THE 6TH
Pensacola Pilots batting - Pitching for Scottsdale Scorpions : RHP José Estrada
Batting: RHB Albert Morán 0-0: Called Strike
0-1: Foul Ball, location: 2F
0-2: Strikes out swinging
Batting: RHB Lawrence Davidson 0-0: Ball
1-0: Fly out, F3 (Line Drive, 3)
Batting: RHB John Hall 0-0: Ball
1-0: Called Strike
1-1: Foul Ball, location: 2F
1-2: Fly out, F9 (Flyball, 89D)
Top of the 6th over - 0 runs, 0 hits, 0 errors, 0 left on base; Pensacola 3 - Scottsdale 2
BOTTOM OF THE 6TH
Scottsdale Scorpions batting - Pitching for Pensacola Pilots : RHP David Hood
Batting: RHB Steve Boyer 0-0: Ball
1-0: Called Strike
1-1: Ball
2-1: Called Strike
2-2: SINGLE (Line Drive, 8LS)
Batting: RHB Phil Rowlett 0-0: Ball
1-0: Ball
2-0: Called Strike
2-1: Foul Ball, location: 2F
2-2: Ball
3-2: Foul Ball, location: 2F
3-2: Strikes out looking
Batting: LHB Ernesto Hernández 0-0: Called Strike
0-1: Foul Ball, location: 2F
0-2: Ball
1-2: Ball
2-2: Foul Ball, location: 2F
2-2: Fly out, F8 (Flyball, 8RS)
Batting: RHB Robinson Fernández 0-0: Fly out, F9 (Flyball, 9LS)
Bottom of the 6th over - 0 runs, 1 hit, 0 errors, 1 left on base; Pensacola 3 - Scottsdale 2
TOP OF THE 7TH
Pensacola Pilots batting - Pitching for Scottsdale Scorpions : RHP José Estrada
Pitching: RHP José Amaya
Batting: SHB Carlos González 0-0: SINGLE (Line Drive, 89S)
Pinch Hitting: LHB Preston Hamilton 0-0: Ball
Carlos González is caught stealing 2nd base
1-0: Foul Ball, location: 2F
1-1: Called Strike
1-2: Strikes out swinging
Batting: RHB Javier Senteno 0-0: Ball
1-0: Called Strike
1-1: Foul Ball, location: 2F
1-2: Strikes out swinging
Top of the 7th over - 0 runs, 1 hit, 0 errors, 0 left on base; Pensacola 3 - Scottsdale 2
BOTTOM OF THE 7TH
Scottsdale Scorpions batting - Pitching for Pensacola Pilots : RHP David Hood
Pitching: RHP Michael Clay
Now in LF: Preston Hamilton
Batting: RHB Carlos Rosales 0-0: Ball
1-0: Called Strike
1-1: Ball
2-1: Foul Ball, location: 2F
2-2: Ground out 6-3 (Groundball, 56)
Batting: RHB Miguel Ramos 0-0: Ball
1-0: Foul Ball, location: 2F
1-1: Foul Ball, location: 2F
1-2: Foul Ball, location: 2F
1-2: Ball
2-2: Ball
3-2: Strikes out swinging
Batting: RHB José Martínez 0-0: Called Strike
0-1: Called Strike
0-2: Ball
1-2: Ball
2-2: Ground out 6-3 (Groundball, 6)
Bottom of the 7th over - 0 runs, 0 hits, 0 errors, 0 left on base; Pensacola 3 - Scottsdale 2
TOP OF THE 8TH
Pensacola Pilots batting - Pitching for Scottsdale Scorpions : RHP José Amaya
Batting: RHB Timothy Foster 0-0: Ball
1-0: Ball
2-0: Called Strike
2-1: Called Strike
2-2: Foul Ball, location: 2F
2-2: Strikes out swinging
Batting: RHB Tony Pulla 0-0: Called Strike
0-1: Foul Ball, location: 2F
0-2: Strikes out swinging
Batting: RHB Felipe Hernández 0-0: Ball
1-0: Foul Ball, location: 2F
1-1: Foul Ball, location: 2F
1-2: Ball
2-2: Strikes out swinging
Top of the 8th over - 0 runs, 0 hits, 0 errors, 0 left on base; Pensacola 3 - Scottsdale 2
BOTTOM OF THE 8TH
Scottsdale Scorpions batting - Pitching for Pensacola Pilots : RHP Michael Clay
Batting: LHB Shawn Brown 0-0: Ball
1-0: Ground out 4-3 (Groundball, 4MS)
Batting: LHB Tony Ayala 0-0: Foul Ball, location: 2F
0-1: Reached on error, E3 (Groundball, 3)
Batting: RHB Steve Boyer 0-0: Ball
1-0: Ball
2-0: Ball
3-0: Base on Balls
Tony Ayala to second
Pinch Hitting: LHB Clayton Bailey 0-0: Called Strike
0-1: Ball
1-1: Swinging Strike
1-2: Strikes out looking
Pitching: LHP Ed Miller
Batting: LHB Ernesto Hernández 0-0: Ball
1-0: Swinging Strike
1-1: Fly out, F8 (Flyball, 89S)
Bottom of the 8th over - 0 runs, 0 hits, 1 error, 2 left on base; Pensacola 3 - Scottsdale 2
TOP OF THE 9TH
Pensacola Pilots batting - Pitching for Scottsdale Scorpions : RHP José Amaya
Now at SS: Dean Oglethorpe
Batting: RHB Albert Morán 0-0: Ball
1-0: Foul Ball, location: 2F
1-1: Ground out 6-3 (Groundball, 6)
Batting: RHB Lawrence Davidson 0-0: Called Strike
0-1: Ball
1-1: Foul Ball, location: 2F
1-2: Ball
2-2: Ball
3-2: Base on Balls
Batting: RHB John Hall 0-0: Called Strike
0-1: Called Strike
0-2: Strikes out looking
Batting: SHB Carlos González 0-0: Ball
1-0: Called Strike
1-1: Ball
2-1: Foul Ball, location: 2F
2-2: Reached on error, E4 (Groundball, 34)
Lawrence Davidson to second
Pinch Runner at 2nd Bryan Long:
Batting: LHB Preston Hamilton 0-0: Foul Ball, location: 2F
0-1: Foul Ball, location: 2F
0-2: Ball
1-2: Ball
2-2: Ball
3-2: Strikes out swinging
Top of the 9th over - 0 runs, 0 hits, 1 error, 2 left on base; Pensacola 3 - Scottsdale 2
BOTTOM OF THE 9TH
Scottsdale Scorpions batting - Pitching for Pensacola Pilots : LHP Ed Miller
Pitching: RHP Scott Willerton
Now at C: José Ramos
Pinch Hitting: LHB Manny Vigil 0-0: Ground out 6-3 (Groundball, 6)
Pinch Hitting: RHB Randy Banks 0-0: Ball
1-0: Called Strike
1-1: Called Strike
1-2: Strikes out swinging
Batting: RHB Miguel Ramos 0-0: SINGLE (Line Drive, 9LS)
Batting: RHB José Martínez 0-0: Foul Ball, location: 2F
0-1: Ball
1-1: Foul Ball, location: 2F
1-2: SINGLE (Groundball, 15) (infield hit)
Miguel Ramos to second
Batting: LHB Shawn Brown 0-0: Called Strike
0-1: Ball
1-1: Ball
2-1: Ball
3-1: Fly out, F6 (Popup, 6MS)
Bottom of the 9th over - 0 runs, 2 hits, 0 errors, 2 left on base; Pensacola 3 - Scottsdale 2
Saturday, April 7th, 2018 - OOTP Baseball 18.8 Build 76